WIN
SAN FRANCISCO (WIN) GIANTS @ PITTSBURGH (WIN) PIRATES
12/16/2046
 
TOP OF THE 1ST
San Francisco (WIN) Giants batting - Pitching for Pittsburgh (WIN) Pirates : RHP Kyle Davis
Pitching: RHP Kyle Davis
Batting: RHB Nick Wicker 0-0: Foul Ball, location: 2F
0-1: Swinging Strike
0-2: Strikes out swinging
Batting: RHB Drew Duncan 0-0: Called Strike
0-1: SINGLE (Line Drive, 8LS, EV 109.4 MPH)
Batting: RHB Mike Buchanan 0-0: Ball
1-0: Swinging Strike
1-1: Ball
2-1: Called Strike
2-2: Fielders Choice at 2nd, 1-4 (Groundball, 15S, EV 76.2 MPH)
Batting: LHB Jared Paige 0-0: Ball
1-0: Foul Ball, location: 2F
1-1: Swinging Strike
1-2: Fly out, F7 (Flyball, 7, EV 85.6 MPH)
Top of the 1st over - 0 runs, 1 hit, 0 errors, 1 left on base; San Francisco (WIN) 0 - Pittsburgh (WIN) 0
BOTTOM OF THE 1ST
Pittsburgh (WIN) Pirates batting - Pitching for San Francisco (WIN) Giants : RHP Rick Madden
Pitching: RHP Rick Madden
Batting: RHB Ken Manser 0-0: Ball
1-0: Ball
2-0: Called Strike
2-1: Ball
3-1: Foul Ball, location: 2F
3-2: Reached on error, E6 (Groundball, 6MD, EV 84.4 MPH)
Batting: RHB Richard Barrios 0-0: Ball
Ken Manser steals 2nd, throwing error, E2
Ken Manser to third
1-0: SINGLE (Groundball, 6M, EV 105.0 MPH) (infield hit)
Ken Manser scores
Batting: RHB Jose Almonte 0-0: Ball
Richard Barrios steals 2nd base
1-0: Ground out U3 (Groundball, 34S, EV 82.5 MPH)
Richard Barrios to third
Batting: LHB Gregg Kellerman 0-0: Ball
1-0: Foul Ball, location: 2F
1-1: Called Strike
1-2: Ball
2-2: Foul Ball, location: 2F
2-2: Ball
3-2: Foul Ball, location: 2F
3-2: Strikes out swinging
Batting: LHB Ruben Garza 0-0: Foul Ball, location: 2F
0-1: Foul Ball, location: 2F
0-2: SINGLE (Groundball, 4MD, EV 76.9 MPH) (infield hit)
Richard Barrios scores
Batting: LHB Josh Aerni 0-0: Ground out U3 (Groundball, 3S, EV 78.1 MPH)
Bottom of the 1st over - 2 runs, 2 hits, 2 errors, 1 left on base; San Francisco (WIN) 0 - Pittsburgh (WIN) 2
TOP OF THE 2ND
San Francisco (WIN) Giants batting - Pitching for Pittsburgh (WIN) Pirates : RHP Kyle Davis
Batting: LHB Josh Straub 0-0: Ball
1-0: Ground out 4-3 (Groundball, 4, EV 98.1 MPH)
Batting: RHB Dinand Brouwer 0-0: Called Strike
0-1: Foul Ball, location: 2F
0-2: Ball
1-2: Foul Ball, location: 2F
1-2: Foul Ball, location: 2F
1-2: Ground out 6-3 (Groundball, 56D, EV 90.0 MPH)
Batting: LHB Ryan Anderson 0-0: Foul Ball, location: 2F
0-1: Called Strike
0-2: Ball
1-2: Foul Ball, location: 2F
1-2: Ball
2-2: Strikes out swinging
Top of the 2nd over - 0 runs, 0 hits, 0 errors, 0 left on base; San Francisco (WIN) 0 - Pittsburgh (WIN) 2
BOTTOM OF THE 2ND
Pittsburgh (WIN) Pirates batting - Pitching for San Francisco (WIN) Giants : RHP Rick Madden
Batting: SHB Mike Corley 0-0: SINGLE (Line Drive, 9S, EV 91.2 MPH)
Batting: RHB Tim Moore 0-0: Called Strike
0-1: Swinging Strike
0-2: SINGLE (Flyball, 3D, EV 86.9 MPH)
Mike Corley to second
Batting: SHB Ronnie Brooks 0-0: DOUBLE (Line Drive, 89XD, EV 101.2 MPH)
Mike Corley scores
Tim Moore to third
Batting: RHB Ken Manser 0-0: Foul Ball, location: 2F
0-1: SINGLE (Groundball, 56D, EV 100.6 MPH)
Tim Moore scores
Ronnie Brooks to third
Batting: RHB Richard Barrios 0-0: Called Strike
Ken Manser steals 2nd base
0-1: Ball
1-1: Ball
2-1: Foul Ball, location: 2F
2-2: Ball
3-2: Ground out 6-3 (Groundball, 6, EV 85.0 MPH)
Ronnie Brooks scores
Ken Manser to third
Batting: RHB Jose Almonte 0-0: Ball
1-0: Swinging Strike
1-1: Fly out, F8 (Flyball, 8LM, EV 95.6 MPH)
Runner from 3rd tags up, SCORES, no throw by CF
Batting: LHB Gregg Kellerman 0-0: Foul Ball, location: 2F
0-1: Foul Ball, location: 2F
0-2: Ball
1-2: Ball
2-2: Strikes out looking
Bottom of the 2nd over - 4 runs, 4 hits, 0 errors, 0 left on base; San Francisco (WIN) 0 - Pittsburgh (WIN) 6
TOP OF THE 3RD
San Francisco (WIN) Giants batting - Pitching for Pittsburgh (WIN) Pirates : RHP Kyle Davis
Batting: RHB Mike Jones 0-0: Called Strike
0-1: Swinging Strike
0-2: Ball
1-2: Ball
2-2: Ball
3-2: Foul Ball, location: 2F
3-2: Base on Balls
Batting: RHB Josh Lippens 0-0: Called Strike
0-1: Foul Ball, location: 2F
0-2: Ball
1-2: Grounds into double play, 4-6-3 (Groundball, 34S, EV 81.2 MPH)
Batting: RHB Nick Wicker 0-0: Ball
1-0: Foul Ball, location: 2F
1-1: Foul Ball, location: 2F
1-2: Ground out 5-3 (Groundball, 56S, EV 83.1 MPH)
Top of the 3rd over - 0 runs, 0 hits, 0 errors, 0 left on base; San Francisco (WIN) 0 - Pittsburgh (WIN) 6
BOTTOM OF THE 3RD
Pittsburgh (WIN) Pirates batting - Pitching for San Francisco (WIN) Giants : RHP Rick Madden
Batting: LHB Ruben Garza 0-0: Called Strike
0-1: Fly out, F8 (Flyball, 8RD, EV 104.4 MPH)
Batting: LHB Josh Aerni 0-0: Called Strike
0-1: Swinging Strike
0-2: Ground out 4-3 (Groundball, 4, EV 88.8 MPH)
Batting: SHB Mike Corley 0-0: Swinging Strike
0-1: Ball
1-1: DOUBLE (Flyball, 89XD, EV 111.2 MPH)
Pitching: LHP Matt Bagnall
Batting: RHB Tim Moore 0-0: Swinging Strike
0-1: Ball
1-1: Called Strike
1-2: Strikes out swinging
Bottom of the 3rd over - 0 runs, 1 hit, 0 errors, 1 left on base; San Francisco (WIN) 0 - Pittsburgh (WIN) 6
TOP OF THE 4TH
San Francisco (WIN) Giants batting - Pitching for Pittsburgh (WIN) Pirates : RHP Kyle Davis
Batting: RHB Drew Duncan 0-0: Ball
1-0: Ground out 6-3 (Groundball, 6S, EV 85.0 MPH)
Batting: RHB Mike Buchanan 0-0: Foul Ball, location: 2F
0-1: Foul Ball, location: 2F
0-2: Ball
1-2: Strikes out swinging
Batting: LHB Jared Paige 0-0: Swinging Strike
0-1: Foul Ball, location: 2F
0-2: SOLO HOME RUN (Flyball, 7D, EV 105.0 MPH), Distance : 388 ft
Batting: LHB Josh Straub 0-0: Called Strike
0-1: Ball
1-1: Foul Ball, location: 2F
1-2: Fly out, F7 (Flyball, 7S, EV 82.5 MPH)
Top of the 4th over - 1 run, 1 hit, 0 errors, 0 left on base; San Francisco (WIN) 1 - Pittsburgh (WIN) 6
BOTTOM OF THE 4TH
Pittsburgh (WIN) Pirates batting - Pitching for San Francisco (WIN) Giants : LHP Matt Bagnall
Batting: SHB Ronnie Brooks 0-0: Ball
1-0: Ball
2-0: Ball
3-0: Called Strike
3-1: Ground out 6-3 (Groundball, 6, EV 82.5 MPH)
Batting: RHB Ken Manser 0-0: Foul Ball, location: 2F
0-1: Called Strike
0-2: Strikes out swinging, 2-3 out at first.
Batting: RHB Richard Barrios 0-0: Foul Ball, location: 2F
0-1: Ball
1-1: Ball
2-1: Foul Ball, location: 2F
2-2: Foul Ball, location: 2F
2-2: Foul Ball, location: 2F
2-2: Strikes out swinging
Bottom of the 4th over - 0 runs, 0 hits, 0 errors, 0 left on base; San Francisco (WIN) 1 - Pittsburgh (WIN) 6
TOP OF THE 5TH
San Francisco (WIN) Giants batting - Pitching for Pittsburgh (WIN) Pirates : RHP Kyle Davis
Batting: RHB Dinand Brouwer 0-0: Swinging Strike
0-1: SINGLE (Line Drive, 78M, EV 102.5 MPH)
Batting: LHB Ryan Anderson 0-0: Ball
1-0: Ball
2-0: SINGLE (Groundball, 4D, EV 105.0 MPH)
Dinand Brouwer to second
Batting: RHB Mike Jones 0-0: Ball
1-0: Ball
Wild Pitch!
Dinand Brouwer to third
Ryan Anderson to second
2-0: Single, Error in OF, E9, batter to second base (Line Drive, 34, EV 100.0 MPH)
Dinand Brouwer scores
Ryan Anderson scores
Batting: RHB Josh Lippens 0-0: Ball
1-0: Foul Ball, location: 2F
1-1: Ball
2-1: Ball
3-1: Called Strike
3-2: Ground out 5-3 (Groundball, 56, EV 78.8 MPH)
Batting: RHB Nick Wicker 0-0: Ball
1-0: Called Strike
1-1: Ball
2-1: Ground out 4-3 (Groundball, 4MS, EV 80.6 MPH)
Mike Jones to third
Batting: RHB Drew Duncan 0-0: Called Strike
0-1: Ball
1-1: Called Strike
1-2: Ball
2-2: SINGLE (Flyball, 6MD, EV 96.9 MPH)
Mike Jones scores
Batting: RHB Mike Buchanan 0-0: Foul Ball, location: 2F
0-1: Ball
1-1: Swinging Strike
1-2: Ball
2-2: Foul Ball, location: 2F
2-2: Strikes out swinging
Top of the 5th over - 3 runs, 4 hits, 1 error, 1 left on base; San Francisco (WIN) 4 - Pittsburgh (WIN) 6
BOTTOM OF THE 5TH
Pittsburgh (WIN) Pirates batting - Pitching for San Francisco (WIN) Giants : LHP Matt Bagnall
Batting: RHB Jose Almonte 0-0: Ball
1-0: Fly out, F4 (Flyball, 34D, EV 93.1 MPH)
Batting: LHB Gregg Kellerman 0-0: Ground out 4-3 (Groundball, 4, EV 85.6 MPH)
Batting: LHB Ruben Garza 0-0: Foul Ball, location: 2F
0-1: Ball
1-1: Ball
2-1: Swinging Strike
2-2: Ball
3-2: Foul Ball, location: 2F
3-2: Strikes out swinging
Bottom of the 5th over - 0 runs, 0 hits, 0 errors, 0 left on base; San Francisco (WIN) 4 - Pittsburgh (WIN) 6
TOP OF THE 6TH
San Francisco (WIN) Giants batting - Pitching for Pittsburgh (WIN) Pirates : RHP Kyle Davis
Batting: LHB Jared Paige 0-0: SINGLE (Line Drive, 56, EV 98.8 MPH)
Batting: LHB Josh Straub 0-0: Called Strike
0-1: DOUBLE (Line Drive, 7LS, EV 96.2 MPH)
Jared Paige to third
Runner from 3rd tries for Home, SAFE, no throw by LF
Pitching: RHP Eric Bourque
Batting: RHB Dinand Brouwer 0-0: Ball
1-0: Ground out 5-3 (Groundball, 56, EV 85.6 MPH)
Batting: LHB Ryan Anderson 0-0: Foul Ball, location: 2F
0-1: Foul Ball, location: 2F
0-2: Ball
1-2: Ball
2-2: Strikes out swinging
Pinch Hitting: LHB Tony Galvan 0-0: Ball
1-0: Ball
2-0: Ball
3-0: Base on Balls
Batting: RHB Josh Lippens 0-0: Swinging Strike
0-1: Foul Ball, location: 2F
0-2: Ball
1-2: Fly out, F7 (Flyball, 78D, EV 101.9 MPH)
Top of the 6th over - 1 run, 2 hits, 0 errors, 2 left on base; San Francisco (WIN) 5 - Pittsburgh (WIN) 6
BOTTOM OF THE 6TH
Pittsburgh (WIN) Pirates batting - Pitching for San Francisco (WIN) Giants : LHP Matt Bagnall
Now at SS: Jason Gregor
Batting: LHB Josh Aerni 0-0: Ball
1-0: Swinging Strike
1-1: Ball
2-1: Swinging Strike
2-2: Strikes out swinging
Batting: SHB Mike Corley 0-0: Ball
1-0: Ball
2-0: Fly out, F9 (Line Drive, 9LM, EV 92.5 MPH)
Batting: RHB Tim Moore 0-0: Called Strike
0-1: Ball
1-1: Swinging Strike
1-2: Foul Ball, location: 2F
1-2: Strikes out swinging, 2-3 out at first.
Bottom of the 6th over - 0 runs, 0 hits, 0 errors, 0 left on base; San Francisco (WIN) 5 - Pittsburgh (WIN) 6
TOP OF THE 7TH
San Francisco (WIN) Giants batting - Pitching for Pittsburgh (WIN) Pirates : RHP Eric Bourque
Batting: RHB Nick Wicker 0-0: Foul Ball, location: 2F
0-1: Called Strike
0-2: Strikes out looking
Batting: RHB Drew Duncan 0-0: Ball
1-0: Called Strike
1-1: Foul Ball, location: 2F
1-2: Strikes out looking
Batting: RHB Mike Buchanan 0-0: Called Strike
0-1: Foul Ball, location: 2F
0-2: Foul Ball, location: 2F
0-2: SINGLE (Groundball, 56D, EV 103.8 MPH)
Batting: LHB Jared Paige 0-0: Ball
1-0: Ball
2-0: Called Strike
2-1: Ball
3-1: Base on Balls
Mike Buchanan to second
Batting: LHB Josh Straub 0-0: Called Strike
0-1: Ball
1-1: Ball
2-1: Called Strike
2-2: Foul Ball, location: 2F
2-2: Strikes out swinging
Top of the 7th over - 0 runs, 1 hit, 0 errors, 2 left on base; San Francisco (WIN) 5 - Pittsburgh (WIN) 6
BOTTOM OF THE 7TH
Pittsburgh (WIN) Pirates batting - Pitching for San Francisco (WIN) Giants : LHP Matt Bagnall
Pitching: RHP Dan Post
Batting: SHB Ronnie Brooks 0-0: Called Strike
0-1: Called Strike
0-2: Ball
1-2: Ball
2-2: Fly out, F9 (Line Drive, 9S, EV 91.9 MPH)
Batting: RHB Ken Manser 0-0: Ball
1-0: Ball
2-0: Foul Ball, location: 2F
2-1: Ball
3-1: Base on Balls
Batting: RHB Richard Barrios 0-0: Ball
Ken Manser steals 2nd base (no throw)
1-0: Fly out, F2 (Popup, 23F, EV 90.0 MPH)
Batting: RHB Jose Almonte 0-0: Swinging Strike
0-1: Swinging Strike
0-2: Foul Ball, location: 2F
0-2: Strikes out swinging
Bottom of the 7th over - 0 runs, 0 hits, 0 errors, 1 left on base; San Francisco (WIN) 5 - Pittsburgh (WIN) 6
TOP OF THE 8TH
San Francisco (WIN) Giants batting - Pitching for Pittsburgh (WIN) Pirates : RHP Eric Bourque
Batting: RHB Dinand Brouwer 0-0: Called Strike
0-1: Ball
1-1: Called Strike
1-2: Foul Ball, location: 2F
1-2: Ball
2-2: Ball
3-2: Base on Balls
Pitching: LHP Phil DeCamp
Batting: LHB Ryan Anderson 0-0: Ball
1-0: Foul Ball, location: 2F
1-1: Ball
2-1: Called Strike
2-2: Fly out, F8 (Flyball, 8RXD, EV 100.6 MPH)
Batting: RHB Jason Gregor 0-0: Ball
1-0: Foul Ball, location: 2F
1-1: Foul Ball, location: 2F
1-2: Strikes out swinging
Batting: RHB Josh Lippens 0-0: Ball
1-0: Ball
2-0: Called Strike
2-1: Fly out, F8 (Flyball, 89D, EV 90.6 MPH)
Top of the 8th over - 0 runs, 0 hits, 0 errors, 1 left on base; San Francisco (WIN) 5 - Pittsburgh (WIN) 6
BOTTOM OF THE 8TH
Pittsburgh (WIN) Pirates batting - Pitching for San Francisco (WIN) Giants : RHP Dan Post
Batting: LHB Gregg Kellerman 0-0: Ball
1-0: Ball
2-0: Ball
3-0: Base on Balls
Batting: LHB Ruben Garza 0-0: Foul Ball, location: 2F
0-1: Ball
1-1: Called Strike
1-2: Foul Ball, location: 2F
1-2: Grounds into double play, 4-6-3 (Groundball, 4, EV 83.8 MPH)
Batting: LHB Josh Aerni 0-0: Swinging Strike
0-1: Ball
1-1: Called Strike
1-2: Strikes out looking
Bottom of the 8th over - 0 runs, 0 hits, 0 errors, 0 left on base; San Francisco (WIN) 5 - Pittsburgh (WIN) 6
TOP OF THE 9TH
San Francisco (WIN) Giants batting - Pitching for Pittsburgh (WIN) Pirates : LHP Phil DeCamp
Pitching: RHP Serguei Rudakovsky
Batting: RHB Nick Wicker 0-0: Ground out 6-3 (Groundball, 56, EV 77.5 MPH)
Batting: RHB Drew Duncan 0-0: Called Strike
0-1: Swinging Strike
0-2: Ball
1-2: Strikes out swinging
Batting: RHB Mike Buchanan 0-0: Foul Ball, location: 2F
0-1: Ball
1-1: Called Strike
1-2: Ball
2-2: Ball
3-2: Foul Ball, location: 2F
3-2: Strikes out looking
Top of the 9th over - 0 runs, 0 hits, 0 errors, 0 left on base; San Francisco (WIN) 5 - Pittsburgh (WIN) 6
Tuesday, September 13th , 2022 - OOTP Baseball 23.7 Build 88